AoeStats
← Calaquende

Nomad

510179712Analyzed
2v2 RM · 1d ago on Sep 29, 2026· 46m 25s· 4 players
Game mode
Random Map
Map size
176×176
Population
200
Speed
Normal
Resources
Standard
Victory
Conquest
Starting age
Dark Age
Ending age
Imperial Age
RankedLock teamsTeams togetherTeam positionsShared explorationLock speedFull tech treeHidden civsTurbo modeCheats
Victory
Defeat
🇩🇪 Danes · Germany
1382
+15
🇩🇪 Berbers · Germany
1357
+16
🇪🇸 Spanish · Spain
1419
-17
🇹🇷 Persians · Türkiye
1314
-14
Calaquende
4:51 Loom
12:51 Feudal Age
16:30 Castle Age
16:10 Fletching
17:35 Double-Bit Axe
20:27 Bow Saw
20:54 Wheelbarrow
20:04 Town Watch
23:29 Scale Mail Armor
23:40 Forging
24:28 Fishing Lines
29:31 Hand Cart
29:34 Bodkin Arrow
29:43 Squires
32:05 Gambesons
35:41 Imperial Age
33:52 Gillnets
34:40 Chain Mail Armor
35:00 Iron Casting
34:41 Arson
36:55 Conscription
35:55 Elite Jomsviking
36:29 Gold Mining
36:30 Stone Mining
36:22 Horse Collar
37:18 Plate Mail Armor
38:20 Plate Mail Armor
38:50 Blast Furnace
39:16 Hamask
41:06 Chemistry
40:27 Ballistics
40:12 Siege Engineers
40:18 Masonry
40:59 Bracer
41:00 Padded Archer Armor
43:21 Coinage
45:35 Leather Archer Armor
47:25 Banking
47:29 Ring Archer Armor
47:04 Scale Barding Armor
Jordan Belfort
4:36 Loom
13:18 Feudal Age
14:47 Town Watch
17:33 Castle Age
16:38 Double-Bit Axe
19:11 Fletching
20:36 Bodkin Arrow
24:54 Ballistics
33:50 Padded Archer Armor
35:58 Gold Mining
39:04 Imperial Age
36:53 Leather Archer Armor
39:20 Bloodlines
39:11 Husbandry
39:36 Kasbah
39:47 Bracer
41:00 Chemistry
42:40 Ring Archer Armor
42:09 Elite Camel Archer
43:20 Scale Barding Armor
44:41 Chain Barding Armor
45:55 Heavy Camel Rider
MaverickGG1403
4:36 Loom
13:15 Feudal Age
16:45 Castle Age
16:32 Double-Bit Axe
17:53 Bow Saw
20:09 Gold Mining
22:59 Horse Collar
30:11 Imperial Age
28:10 Fletching
28:21 Padded Archer Armor
28:44 Fishing Lines
29:37 Bodkin Arrow
29:57 Leather Archer Armor
31:34 Conscription
31:37 Elite Skirmisher
32:31 Bracer
34:48 Ring Archer Armor
37:05 Wheelbarrow
36:56 Scale Barding Armor
38:55 Ballistics
40:58 Chemistry
4Reform
3:20 Loom
13:49 Feudal Age
17:54 Castle Age
22:35 Fishing Lines
24:42 Gillnets
26:59 Wheelbarrow
26:36 Double-Bit Axe
29:01 Hand Cart
29:14 Gold Mining
29:48 Bow Saw
30:31 Town Watch
32:53 Town Patrol
35:54 Thumb Ring
38:29 Imperial Age
35:26 Elite Skirmisher
36:24 Fletching
36:35 Padded Archer Armor
36:34 Horse Collar
37:44 Gold Shaft Mining
37:00 Stone Mining
39:19 Ballistics
40:59 Chemistry
40:29 Bodkin Arrow
40:50 Leather Archer Armor
42:30 Conscription
43:17 Bloodlines
43:20 Scale Barding Armor
Connection lost

Rejoining the realm…

Still unreachable

The connection could not be restored.

Session expired

The server has moved on; the page needs a fresh start.